 Dungeon Crawl Stone Soup version 0.22-a0-392-g5dc3fd9 (webtiles) character file.

2799 4thArraOfDagon the Cleaver (level 9, -4/82 HPs)
             Began as a Deep Dwarf Wanderer on May 2, 2018.
             Was a Believer of Makhleb.
             Slain by an orc warrior
             ... wielding a +2 glaive of freezing
              (8 damage)
             ... on level 7 of the Dungeon.
             The game lasted 00:12:29 (4488 turns).

4thArraOfDagon the Cleaver (Deep Dwarf Wanderer)    Turns: 4488, Time: 00:12:30

Health: -4/82      AC: 13    Str: 19    XL:     9   Next: 43%
Magic:  19/19      EV: 11    Int: 15    God:    Makhleb [**....]
Gold:   297        SH:  0    Dex: 10    Spells: 11/11 levels left

rFire    . . .     SeeInvis .   B - +2 war axe (venom)
rCold    . . .     Gourm    .   (no shield)
rNeg     . . .     Faith    .   a - +2 scale mail
rPois    .         Spirit   .   (no helmet)
rElec    .         Reflect  .   A - +0 cloak
rCorr    .         Harm     .   j - +2 pair of gloves
MR       +....                  (no boots)
Stlth    ..........             u - amulet of regeneration
HPRegen  0.00/turn              e - ring of magical power
MPRegen  0.16/turn              (no ring)

@: non-regenerating
A: damage resistance, heal wounds, sense surroundings 2, no regeneration
a: Heal Wounds, Minor Destruction, Renounce Religion


You were on level 7 of the Dungeon.
You worshipped Makhleb.
Makhleb was pleased with you.
You were not hungry.

You visited 2 branches of the dungeon, and saw 8 of its levels.

You collected 297 gold pieces.

Inventory:

Hand Weapons
 b - a +0 hand axe
 k - the +6 hand axe "Pymifiet" {antimagic, rF+}
   (You found it on level 7 of the Dungeon)

   It reduces the magical energy of the wielder, and disrupts the spells and
   magical abilities of those hit.
   Natural abilities and divine invocations are not affected.
   It protects you from fire.
 B - a +2 war axe of venom (weapon)
Armour
 a - a +2 scale mail (worn)
 f - a +2 robe of positive energy
 j - a +2 pair of gloves (worn)
 A - a +0 cloak (worn)
Jewellery
 e - a ring of magical power (left hand)
 u - an amulet of regeneration (around neck)
Wands
 l - a wand of disintegration (9)
 m - a wand of paralysis (1)
 z - a wand of random effects (13)
 D - a wand of iceblast (10)
Scrolls
 c - 3 scrolls of remove curse
 h - 2 scrolls of amnesia
 q - 2 scrolls of fog {unknown}
 s - 2 scrolls of random uselessness {unknown}
 t - a scroll of blinking
 v - a scroll of enchant armour {unknown}
 x - a scroll of noise {unknown}
 y - a scroll of identify
Potions
 g - a potion of ambrosia {unknown}
 i - a potion of brilliance
 n - a potion of curing
 o - 2 potions of flight {unknown}
 p - a potion of cancellation {unknown}
 r - a potion of magic {unknown}
 w - a potion of lignification
Comestibles
 d - 8 rations


   Skills:
 + Level 5.7 Fighting
 * Level 10.1 Axes
 - Level 1.0 Throwing
 + Level 4.3 Armour
 + Level 4.1 Dodging
 - Level 1.7 Spellcasting
   Level 1.5 Hexes
   Level 1.0 Fire Magic
 + Level 4.8 Invocations
 - Level 1.3 Evocations


You had 11 spell levels left.
You didn't know any spells.

Dungeon Overview and Level Annotations

Branches:
Dungeon (7/15)             Temple (1/1) D:6

Altars:
Cheibriados
Dithmenos
Elyvilon
Fedhas
Hepliaklqana
Kikubaaqudgha
Makhleb
Nemelex Xobeh
Okawaru
Qazlal
Ru
Sif Muna
Trog
Uskayaw
Wu Jian
Xom
Yredelemnul
Zin
The Shining One

Annotations:
D:6 Prince Ribbit


Innate Abilities, Weirdness & Mutations

You are resistant to damage.
You can heal yourself by infusing magical energy.
You passively map the area around you.
You do not regenerate.


Message History

Unknown command.
You barely miss the orc warrior.
The orc warrior is severely wounded.
The orc warrior hits you with a glaive of freezing!
* * * LOW HITPOINT WARNING * * *
The orc warrior freezes you.
Unknown command.
Unknown command.
Unknown command.
You closely miss the orc warrior.
The orc warrior is almost dead.
The orc warrior hits you with a glaive of freezing!
* * * LOW HITPOINT WARNING * * *
The orc warrior freezes you.
Unknown command.
Unknown command.
You hit the orc warrior but do no damage.
The orc warrior is almost dead.
The orc warrior hits you with a glaive of freezing!
You die...

####.........,#......#,#,..#.....
..........#####.#....#.#*#.......
..........(............#*#.....##
............###......#***..###..#
...............†.....#,,,.** ##..
##.......#####.#...#...**** ##.
.........# #.#...#...# ##.
.###.###.#***#..o.##...# ####..
#* #..*..#,*,#.#@.>....## #....#
##,..##,,,+.).#......####.####
*,,#..#####...........#.......
*,**#.........#...............
*,* #................##.......
*,**#.......P.P.####..........
*,*.........._..# ####........
****,*.######..P.P.###...........
,,,*,,,* #......##............


You could see an orc warrior.

Vanquished Creatures
  A rust devil (D:6)
  Sigmund (D:2)
  Menkaure (D:7)
  Duvessa (D:6)
  3 necrophages
  2 orc warriors (D:6)
  A phantom (D:7)
  2 ogres
  A centaur (D:6)
  4 bullfrogs
  Dowan (D:6)
  A scorpion (D:4)
  3 killer bees (D:7)
  3 crimson imps
  A bullfrog zombie (D:7)
  3 orc priests
  Crazy Yiuf (D:6)
  8 orc wizards
  A bullfrog skeleton (D:5)
  3 worker ants
  A hound zombie (D:6)
  A mummy (D:6)
  A worker ant zombie (D:6)
  10 adders
  3 gnolls
  A shadow imp (D:7)
  An ooze (D:3)
  An adder zombie (D:6)
  3 worms
  4 dart slugs
  A leopard gecko (D:3)
  15 orcs
  2 ball pythons
  4 bats (D:1)
  3 giant cockroaches
  9 goblins
  6 hobgoblins
  10 jackals
  6 frilled lizards
  8 kobolds
  4 rats
136 creatures vanquished.

Vanquished Creatures (others)
  A human (D:2)
  An orc wizard (D:6)
2 creatures vanquished.

Grand Total: 138 creatures vanquished

Notes
Turn   | Place    | Note
-------+----------+-------------------------------------------
     0 | D:1      | 4thArraOfDagon the Deep Dwarf Wanderer began the quest for the Orb.
     0 | D:1      | 4thArraOfDagon set off with: a +2 scale mail, a +0 hand axe, a scroll of teleportation, a ration
     0 | D:1      | Reached XP level 1. HP: 15/15 MP: 3/3
    29 | D:1      | Reached XP level 2. HP: 24/24 MP: 4/4
    62 | D:1      | Reached skill level 3 in Axes
   173 | D:2      | Reached skill level 1 in Fighting
   183 | D:2      | Noticed Sigmund
   219 | D:2      | Killed Sigmund
   219 | D:2      | Reached skill level 5 in Axes
   219 | D:2      | Reached XP level 3. HP: 19/33 MP: 4/4
   219 | D:2      | Reached XP level 4. HP: 23/40 MP: 5/5
   219 | D:2      | Reached XP level 5. HP: 27/46 MP: 6/6
   590 | D:5      | Entered Level 5 of the Dungeon
   593 | D:5      | Found a sparkling altar of Nemelex Xobeh.
   594 | D:5      | Found a blossoming altar of Fedhas.
   731 | D:5      | Reached XP level 6. HP: 55/55 MP: 6/6
   754 | D:5      | Reached skill level 6 in Axes
   990 | D:6      | Found a snail-covered altar of Cheibriados.
  1145 | D:6      | Reached skill level 7 in Axes
  1145 | D:6      | Reached XP level 7. HP: 38/62 MP: 7/7
  1195 | D:6      | Found a sacrificial altar of Ru.
  1263 | D:6      | Found an iron altar of Okawaru.
  1289 | D:6      | Noticed Prince Ribbit
  1431 | D:7      | Noticed a hippogriff
  1446 | D:7      | Got a scorched hand axe
  1447 | D:7      | Found a basalt altar of Yredelemnul.
  1448 | D:7      | Identified the +6 hand axe "Pymifiet" {antimagic, rF+} (You found it on level 7 of the Dungeon)
  1496 | D:5      | Noticed a rust devil
  1496 | D:5      | Noticed a rust devil
  1523 | D:6      | Found a staircase to the Ecumenical Temple.
  1532 | Temple   | Entered the Ecumenical Temple
  1606 | Temple   | Became a worshipper of Makhleb the Destroyer
  1730 | D:6      | Reached skill level 8 in Axes
  2312 | D:2      | Found an ancient bone altar of Kikubaaqudgha.
  2313 | D:2      | Noticed a human
  2316 | D:2      | Killed a human
  2465 | D:3      | Reached * piety under Makhleb
  2547 | D:3      | Reached skill level 1 in Dodging
  2547 | D:3      | Reached skill level 1 in Invocations
  2740 | D:3      | Reached XP level 8. HP: 49/73 MP: 5/8
  3301 | D:4      | Found a glowing golden altar of the Shining One.
  3399 | D:4      | Found a stormy altar of Qazlal.
  3823 | D:6      | Found a runed door.
  3827 | D:6      | Noticed Crazy Yiuf
  3843 | D:6      | Killed Crazy Yiuf
  3897 | D:6      | Noticed Duvessa
  3897 | D:6      | Noticed Dowan
  3914 | D:6      | Killed Duvessa
  3914 | D:6      | Reached skill level 9 in Axes
  3920 | D:6      | Killed Dowan
  3945 | D:6      | Reached skill level 5 in Fighting
  4036 | D:6      | Killed a rust devil
  4036 | D:6      | Gained mutation: You passively map the area around you. [Deep Dwarf growth]
  4036 | D:6      | Reached XP level 9. HP: 44/81 MP: 6/9
  4270 | D:7      | Noticed Menkaure
  4317 | D:7      | Reached ** piety under Makhleb
  4326 | D:7      | Killed Menkaure
  4421 | D:7      | Reached skill level 10 in Axes
  4487 | D:7      | HP: 4/82 [orc warrior/glaive of freezing (8)]
  4488 | D:7      | Slain by an orc warrior

Vault maps used:
D:1:      saegor_arrival_miasma, hangedman_glass_teeth
D:2:      first_ration, tgw_kikubaaqudgha, uniq_sigmund
D:3:      kennysheep_generic_room_10
D:4:      nicolae_tso_swordbearing_angel, nicolae_qazlal_general_emergency
D:5:      cheibrodos_iron_armory, gammafunk_temple_overflow_pools
D:6:      nicolae_overflow_crystal_walls, slow_altar_1, okawaru_gym_becter,
          minmay_temple_entry_statues_fountains, kennysheep_small_square,
          uniq_crazy_yiuf_cottage, uniq_prince_ribbit1, uniq_duvessa
D:7:      yredelemnul_altar_generic, nicolae_water_bricks, serial_bayou_pond_d,
          the_bakery, uniq_menkaure
Temple:   nicolae_temple_figure_eight

Skill      XL: |  1  2  3  4  5  6  7  8  9 |
---------------+----------------------------+-----
Axes           | 5 7 8 9 10 | 10.1
Fighting       | 2 3 4 5 |  5.7
Dodging        | 1 3 4 |  4.1
Invocations    | 1 3 4 |  4.8
Armour         | 3 4 |  4.3
Throwing       | |  1.0
Spellcasting   | |  1.7
Hexes          | |  1.5
Fire Magic     | |  1.0
Evocations     | |  1.3

Action                   |  1- 3 |  4- 6 |  7- 9 || total
-------------------------+-------+-------+-------++-------
Melee: Hand axe          |    56 |   176 |   259 ||   491
       War axe           |       |       |    62 ||    62
 Abil: Heal Wounds       |     1 |     2 |     4 ||     7
Evoke: Wand              |       |       |    14 ||    14
  Use: Potion            |       |     5 |     2 ||     7
       Scroll            |       |     4 |     6 ||    10
 Stab: Invisible         |       |     2 |       ||     2
       Paralysed         |       |       |    19 ||    19
       Distracted        |       |       |     1 ||     1
  Eat: Chunk             |       |     1 |     8 ||     9
       Ration            |       |       |     1 ||     1
Armor: Scale mail        |    35 |    82 |   132 ||   249
       Skin              |       |    25 |       ||    25
Dodge: Dodged            |    39 |    92 |   161 ||   292

Table legend:
 A = Spawn XP
 B = Non-spawn XP
 C = Spawn XP percentage of total XP
 D = Spawn monster count
 E = Non-spawn monster count
 F = Spawn count percentage of total count
 G = Total turns spent on level
                    A         B        C        D         E        F      G
               +---------+---------+-------+---------+---------+-------+---------
         Total |       0 |    3999 |   0.0 |       0 |     136 |   0.0 |  4488
               +---------+---------+-------+---------+---------+-------+---------
           D:1 |       0 |      37 |   0.0 |       0 |      20 |   0.0 |   408
           D:2 |       0 |     245 |   0.0 |       0 |       9 |   0.0 |   533
           D:3 |       0 |     187 |   0.0 |       0 |      30 |   0.0 |   963
           D:4 |       0 |     160 |   0.0 |       0 |       7 |   0.0 |   552
           D:5 |       0 |     543 |   0.0 |       0 |      17 |   0.0 |   629
           D:6 |       0 |    1836 |   0.0 |       0 |      29 |   0.0 |   986
           D:7 |       0 |     991 |   0.0 |       0 |      24 |   0.0 |   321
               +---------+---------+-------+---------+---------+-------+---------
